Cogmind - Beta 16 @@@ ROGUE MODE // 2025.11.10 @ 03:47:46 Player: War__Prophet Result: Destroyed by G-34 Mercenary with Small Laser Performance ------------- Evolutions (1) 500 Regions Visited (2) 400 Robots Destroyed (24) 120 Value Destroyed (427) 427 Prototype IDs (0) 0 Alien Tech Used (0) 0 Bonus (0) 0 TOTAL SCORE: 1447 Bonus ------- None Cogmind --------- Core Integrity 0/400 Matter 268/300 Energy 99/100 System Corruption 0% Temperature Cool (6) Movement Core (50) Location -9/Materials Parts ------- > --- POWER (1) -------- (None) > --- PROPULSION (2) --- (None) > --- UTILITY (4) ------ (None) > --- WEAPON (2) ------- (None) > --- INVENTORY (5) ---- Light Nuclear Core Huge Storage Unit Huge Storage Unit Visual Processing Unit Propulsion Shielding Peak State ------------ > --- POWER ------------ Light Nuclear Core > --- PROPULSION ------- Wheel Compact Wheel > --- UTILITY ---------- Huge Storage Unit Visual Processing Unit Sensor Array Signal Interpreter > --- WEAPON ----------- Flail Heavy Hammer > --- INVENTORY -------- Wheel Compact Wheel Improved Heat Sink Huge Storage Unit Huge Storage Unit Huge Storage Unit Huge Storage Unit Huge Storage Unit Huge Storage Unit Visual Processing Unit Signal Interpreter Signal Interpreter Propulsion Shielding Mini Grenade Launcher Mini Grenade Launcher [Rating: 16] Favorites ----------- Power Light Nuclear Core Engine Light Ion Engine Power Core Light Nuclear Core Propulsion Wheel Wheel Wheel Utility Visual Processing Unit Device Sensor Array Storage Small Storage Unit Processor Visual Processing Unit Weapon Flail Ballistic Gun Assault Rifle Ballistic Cannon Light Cannon Impact Weapon Flail Build | -11 -10 -9 ------- Run | Yrd Mat Mat Slots Evolved 2 | . . 2 Power . | . . . Propulsion . | . . . Utility 2 | . . 2 Weapon . | . . . Parts Attached 20 | 5 6 9 Power 4 | 1 2 1 Engine 3 | 1 1 1 Core 1 | . 1 . Reactor . | . . . Propulsion 4 | 2 . 2 Treads . | . . . Leg . | . . . Wheel 4 | 2 . 2 Hover . | . . . Flight . | . . . Utility 7 | 1 1 5 Device 2 | . . 2 Storage 2 | 1 . 1 Processor 3 | . 1 2 Hackware . | . . . Protection . | . . . Artifact . | . . . Weapon 5 | 1 3 1 Energy Gun . | . . . Energy Cannon . | . . . Ballistic Gun 1 | 1 . . Ballistic Cannon 1 | . 1 . Launcher . | . . . Special Weapon . | . . . Impact Weapon 3 | . 2 1 Slashing Weapon . | . . . Piercing Weapon . | . . . Special Melee Weapon . | . . . Unidentified Prototypes . | . . . Parts Lost 5 | . . 5 Power 1 | . . 1 Propulsion 2 | . . 2 Utility 1 | . . 1 Weapon 1 | . . 1 Highest Loss Streak 5 | . . 5 To Critical Strikes . | . . . Average Backups 8 | . 4 11 Power . | . 1 . Propulsion 1 | . 1 1 Utility 5 | . 2 7 Weapon 1 | . . 1 Tool/Special . | . . . Unused Backups 16 | . 2 14 Power . | . . . Propulsion 1 | . . 1 Utility 13 | . 2 11 Weapon 2 | . . 2 Tool/Special . | . . . Average Slot Usage (%) 88 | . 90 87 Engine 3 | . 9 . Core 6 | . 4 6 Wheel 22 | . 28 19 Device 5 | . . 8 Storage 11 | . 14 10 Processor 16 | . 6 21 Ballistic Gun 3 | . 8 . Ballistic Cannon 2 | . 7 . Impact Weapon 15 | . 11 18 Peak Build Rating 16 | 5 13 16 Average Rating 11 | 3 8 13 On Entrance 6 | . 5 13 Avg Prop Armor Cover (%) . | . . . Naked Turns 1 | . . 1 Heaviest Build 91 | 10 14 91 Greatest Support 26 | 26 26 26 Greatest Overweight (x) 8 | . . 8 Average Overweight (x) . | . . 1 Largest Inventory Capacity 25 | 8 8 25 Average Capacity 13 | 7 8 17 Most Carried 16 | 1 8 16 Average Carried 8 | . 4 11 Final Capacity 8 | 8 8 5 Final Carried 8 | 1 8 5 Class Distribution -------------------- 52% | Mutant 42% | Assassin 4% | Scavenger-Assassin Dominant Class ---------------- Mutant | -10/Materials Assassin | -9/Materials Resources | -11 -10 -9 ----------- Run | Yrd Mat Mat Matter Collected 443 | 174 206 63 Remotely . | . . . Salvage Created 827 | . 279 548 Parts 26 | . 11 15 Haulers Intercepted 1 | . . 1 Recyclers Shooed 2 | . . 2 Parts Field Recycled . | . . . Retrieved Matter . | . . . Parts Self-Destructed . | . . . Prevented . | . . . Parts Restored . | . . . Kills | -11 -10 -9 ------- Run | Yrd Mat Mat Combat Hostiles Destroyed 11 | . 2 9 Melee 4 | . . 4 Cannons 2 | . 2 . Classes Destroyed 9 | . 4 5 Worker 2 | . 2 . Builder 3 | . . 3 Hauler 1 | . . 1 Recycler 6 | . 2 4 Watcher 1 | . 1 . Swarmer 4 | . . 4 Grunt 4 | . 2 2 Duelist 1 | . . 1 Sentry 2 | . . 2 Best Kill Streak 10 | . 3 10 Combat Bots Only 4 | . 2 4 Max Kills in Single Turn 1 | . 1 1 Gunslinging . | . . . Exploded . | . . . Melee 1 | . . 1 Uniques/NPCs Destroyed . | . . . Combat | -11 -10 -9 -------- Run | Yrd Mat Mat Hostile Shots Fired 112 | . 10 102 Missed 20 | . 2 18 Hits 92 | . 8 84 Melee 1 | . . 1 Projectile 91 | . 8 83 Damage Taken 925 | 1 101 823 Core 413 | 1 10 402 Absorbed by Shields . | . . . Core Remaining (%) 97 | 99 95 . Volleys Fired 11 | . 11 . Largest 2 | . 2 . Hottest 50 | . 50 . Shots Fired 22 | . 22 . Gun 11 | . 11 . Cannon 11 | . 11 . Launcher . | . . . Special . | . . . Kinetic 22 | . 22 . Thermal . | . . . Explosive . | . . . Electromagnetic . | . . . Robot Hit Streak 4 | . 4 . Robot Miss Streak 2 | . 2 . Penetration Max . | . . . Secondary Targets . | . . . Shots Hit Robots 51 | . 15 36 Core Hits 11 | . 7 4 Critical Kills 1 | . . 1 Critical Parts Destroyed 8 | . . 8 Critical Strikes 9 | . . 9 Smash 9 | . . 9 Melee Attacks 50 | . 3 47 Impact 50 | . 3 47 Slashing . | . . . Piercing . | . . . Sneak Attacks 12 | . 1 11 Combat Hostiles . | . . . Follow-up Attacks 4 | . . 4 Damage Inflicted 2031 | 4 319 1708 Guns 63 | . 63 . Cannons 149 | . 149 . Explosions . | . . . Melee 1815 | . 107 1708 Ramming 4 | 4 . . Kinetic 212 | . 212 . Thermal . | . . . Explosive . | . . . Electromagnetic . | . . . Impact 1815 | . 107 1708 Slashing . | . . . Piercing . | . . . Highest Corruption 1 | . 1 . Average Corruption 1 | . 1 . Corruption Purged . | . . . Corruption Blocked . | . . . Effects 1 | . 1 . Message Errors 1 | . 1 . Overload Shots . | . . . Overflow Damage 779 | . 42 737 Projectiles . | . . . Explosions . | . . . Melee 779 | . 42 737 Knockbacks 8 | . 2 6 Impact 6 | . . 6 Kinetic 2 | . 2 . Secondary . | . . . Self-Inflicted Damage 1 | 1 . . Shots . | . . . Rammed 2 | 2 . . Targets Rammed 2 | 2 . . Kicked . | . . . Crushed . | . . . Highest Temperature 25 | . 25 . Average Temperature 13 | . 13 . Received Heat Transfer 228 | . 57 171 Siege Activations . | . . . Martial Activations . | . . . Shielding Activations . | . . . Robots Disrupted . | . . . Combat Hostiles . | . . . Robots Corrupted 13 | . 2 11 Combat Hostiles 5 | . . 5 Parts Fried 19 | . 2 17 Impact Corruptions 25 | . 2 23 Robots Melted . | . . . Combat Hostiles . | . . . Parts Melted . | . . . Heat Transferred . | . . . Parts Sabotaged . | . . . Parts Stolen . | . . . Parts Stripped . | . . . Power Chain Reactions . | . . . Alert | -11 -10 -9 ------- Run | Yrd Mat Mat Maximum Alert Level . | . . . Low Security (%) 100 | 100 100 100 Level 1 . | . . . Level 2 . | . . . Level 3 . | . . . Level 4 . | . . . Level 5 . | . . . High Security . | . . . Max Security . | . . . Peak Influence 138 | . 70 138 Initial 4 | . . 4 Average 30 | . 33 31 Influence Increases 399 | . 122 277 Destroy 0b10 Robot/C 220 | . 40 180 Destroy 0b10 Robot/NC 65 | . 25 40 Destroy Leader 54 | . 12 42 Disable Machine 45 | . 45 . Lose Combat Pursuer 15 | . . 15 Influence Decreases 269 | . 110 159 Entered New Map 8 | . . 8 Time Decay 221 | . 110 111 Lost Part 40 | . . 40 Squads Dispatched 1 | . . 1 Investigation . | . . . Extermination . | . . . Reinforcement 1 | . . 1 Assault . | . . . Garrison . | . . . Intercept . | . . . Searches Triggered . | . . . Construction Impeded . | . . . Haulers Reinforced . | . . . Active Scanning Responses . | . . . Cargo Convoy Interrupts . | . . . Stealth | -11 -10 -9 --------- Run | Yrd Mat Mat Distress Signals 1 | . . 1 Communications Jammed . | . . . Distress Signals . | . . . Times Spotted 24 | . 3 21 Peak Tracking Total 6 | . 2 6 Tactical Retreats 1 | . . 1 Traps | -11 -10 -9 ------- Run | Yrd Mat Mat Traps Triggered 2 | . 1 1 Indirectly . | . . . Trap Hack Attempts . | . . . Triggered . | . . . Disarmed . | . . . Reprogrammed . | . . . Reused . | . . . Traps Extracted . | . . . Installed . | . . . Triggered . | . . . Machines | -11 -10 -9 ---------- Run | Yrd Mat Mat Machines Disabled 3 | . 3 . Max in Single Turn 1 | . 1 . Machines Repaired . | . . . Machines Dismantled . | . . . Machines Sabotaged . | . . . Overloaded Fab Kills . | . . . Hacking | -11 -10 -9 --------- Run | Yrd Mat Mat Machines Accessed . | . . . Terminals . | . . . Fabricators . | . . . Repair Stations . | . . . Recycling Units . | . . . Scanalyzers . | . . . Garrison Access . | . . . Total Hacks . | . . . Successful . | . . . Failed . | . . . Catastrophic . | . . . Database Lockouts . | . . . Manual . | . . . Terminals . | . . . Fabricators . | . . . Repair Stations . | . . . Recycling Units . | . . . Scanalyzers . | . . . Garrison Access . | . . . Terminal Hacks . | . . . Fabricator Hacks . | . . . Repair Station Hacks . | . . . Recycling Unit Hacks . | . . . Scanalyzer . | . . . Garrison Access Hacks . | . . . Unauthorized Hacks . | . . . Terminals . | . . . Fabricators . | . . . Repair Stations . | . . . Recycling Units . | . . . Scanalyzers . | . . . Garrison Access . | . . . Data Cores Recovered . | . . . Used . | . . . Hacking Detections . | . . . Full Trace Events . | . . . Feedback Events . | . . . Feedback Blocked . | . . . Robot Schematics Acquired . | . . . Robots Built . | . . . Authchips . | . . . Time . | . . . Total Robot Build Rating . | . . . Part Schematics Acquired . | . . . Parts Built . | . . . Authchips . | . . . Time . | . . . Total Part Build Rating . | . . . Part Studies Acquired . | . . . Parts Repaired . | . . . Time . | . . . Parts Recycled . | . . . Recycled Matter . | . . . Retrieved Matter . | . . . Retrieved Components . | . . . Parts Scanalyzed . | . . . Part Schematics Acquired . | . . . Parts Damaged . | . . . Bothacking | -11 -10 -9 ------------ Run | Yrd Mat Mat Used RIF Installer . | . . . Robots Hacked . | . . . Non-combat . | . . . Combat . | . . . Robot Hacks Applied . | . . . Relay Couplers Released . | . . . Fabnet Peak Effective % . | . . . Robots Rewired . | . . . Allies Hacked . | . . . Hacks Repelled . | . . . Allies | -11 -10 -9 -------- Run | Yrd Mat Mat Total Allies . | . . . Largest Group . | . . . Highest-Rated Group . | . . . Highest-Rated Ally . | . . . Total Orders . | . . . Ally Attacks . | . . . Total Damage . | . . . Kills . | . . . Allies Corrupted . | . . . Allies Melted . | . . . Intel | -11 -10 -9 ------- Run | Yrd Mat Mat Active Infowar (turns) 603 | . 132 471 Optics 603 | . 132 471 Sensors 326 | . . 326 Terrain 36 | . . 36 Robot Analysis Total . | . . . Derelict Logs Recovered . | . . . Drone Launches . | . . . Drone Recoveries . | . . . Exploration | -11 -10 -9 ------------- Run | Yrd Mat Mat Turns Passed 799 | 57 270 472 Spaces Moved 567 | 55 228 284 Core 7 | 4 . 3 Treads . | . . . Legs . | . . . Wheels 560 | 51 228 281 Hover . | . . . Flight . | . . . Fastest Speed 50 | 50 90 50 Average Speed 98 | 86 90 107 Slowest Speed 200 | 90 90 200 Overloaded Moves . | . . . Propulsion Burnouts . | . . . Robots Hopped . | . . . Potential Cave-ins . | . . . Cave-ins Triggered . | . . . Exploration Rate (%) 23 | 4 36 29 Regions Visited 2 Branch Regions . Pre-discovered Areas . | . . . Known Exits Taken . | . . . Unknown Exits Taken 2 | 1 1 . Scrap Searched . | . . . Spaces Dug . | . . . Terrain Destroyed . | . . . Melee . | . . . Projectile . | . . . AOE . | . . . Terrain Rammed . | . . . Walls Destroyed . | . . . Machines Disabled . | . . . Actions | -11 -10 -9 --------- Run | Yrd Mat Mat Total 702 | 62 266 374 Wait 22 | . . 22 Move 566 | 55 227 284 Hop . | . . . Pick Up 23 | 1 12 10 Fast Attach 16 | 5 4 7 Attach 4 | . . 4 Detach 2 | . . 2 Swap 3 | . 2 1 Drop 9 | . 7 2 Fire 11 | . 11 . Melee 45 | . 3 42 Ram 1 | 1 . . Kick . | . . . Crush . | . . . Escape Stasis . | . . . Rewire . | . . . Trap . | . . . Miscellaneous . | . . . Route ------- -11/Scrapyard -10/Materials (discovered 2 exits: [*Mat] / [*Min]) -9/Materials (discovered 1 exit: [*Min]) History --------- Turn | Location | Event 3 | -11/Scrapyard | Discovered new exit (range 15) 58 | -11/Scrapyard | Entered Materials 158 | -10/Materials | Discovered new exit (range 16) 288 | -10/Materials | Discovered new exit (range 17) 307 | -10/Materials | Build established: Mutant 328 | -10/Materials | Entered another Materials area 328 | -9/Materials | Evolved 2 slots: Utility x2 621 | -9/Materials | Build established: Assassin 663 | -9/Materials | Core integrity fell below 50% 672 | -9/Materials | Discovered new exit (range 8) 700 | -9/Materials | Lost 5 parts (1p2n1u1w) 776 | -9/Materials | Core integrity fell below 20% 799 | -9/Materials | Released all parts (7) 800 | -9/Materials | Destroyed by G-34 Mercenary with Small Laser Last Messages --------------- effect. 00771_ L-31 Rogue system terminally corrupted. 00771_ Imp. Aluminum Leg fried. 00771_ Melee Analysis Suite fried. 00771_ Imp. Ion Engine fried. 00788_ K-01 Serf collects debris. 00796_ G-34 Mercenary suffers critical hit (Smash). 00796_ Destroyed Aluminum Leg. 00796_ G-34 Mercenary system corrupted by crushing effect. 00796_ G-34 Mercenary knocked back. 00797_ K-01 Serf collects debris. 00799_ Released Terrain Scanner. 00799_ Released Terrain Scan Processor. 00799_ Released Com. Wheel. 00799_ Released Hvy. Hammer. 00799_ Released Huge Storage Unit. 00799_ Released Visual Processing Unit. 00799_ Released Wheel. 00800_ K-01 Serf collects debris. Map ----- +----------------------------------------------------+ | ?????????? +???????????????????????????????????? | | ?????????+ #???????????????????????????????????? | | ?????????# #???????????????????????????????????? | | ?????????# #???????????????????????????????????? | | ?????????# #???????????????????????????????????? | | ?????????# #??????? ??????????????????????????? | | #######??# #??????? "?????????????????????????? | | #??# #??????? "" ??????????????????????? | | #?## ####???? ?????????????????????? | | #?# "#???? ????????????????????? | | " """ #?# ""#???# #????????????????????? | | " """ #?# !!#???# #????????????????????? | | " """ #?# < ""#??## #????????????????????? | | #?# !!#??# ||* #?? """??????????????? | | #?# ""#??# ||* ? ??"???????????????? | | #######?# "#??# |* ? ?? ???? ???????????? | | #??????## ####??# #?#???#???????#???????????? | | ######### ####### #???###?#?????? ??????????? | | % # ???????###? ? ?????????? | | #???????????##????????????? | | %% % T #? ??"????????????????????? | | ############### !!!#??"?????????? ???????????? | | ??????????????# % %!#????? ?#????#????? ??????? | | ??????????????# !=+?? ? ???????#????????????? | | ??????????????+ = ![#################?????????? | | ????????????? # *= k !@!/!=]!!= g #???? | | ???????????? ###+###+###!gg##### g T ????? | | ???????????? ??? ? ?#%%=#??#? ? ??? #???? | | ??????????? ????"" ?#!k!#?#?#??#?????? ??????? | | ?????????? ??#??"" ] ##% ]##?#??#??????#???????? | | ?????????##???? """ ##g #????????#??#????????? | | ??????????????? ?# a #????????????????????? | | ??????????????#########?# a ? ? ?? ?"??????????? | | ??????????????????? ??#?# ? ???? ?T?????????? | | ??????????????#??? ???? ??? ???????????????? | | ???????????????????????## ###??#???????????????? | | ???????????????????????## #????????????????????? | | ????????????????????????# #????? ??????????????? | | ?????????????????? ????## #???? ???????????????? | | ????????????????????????# #??? ????????????????? | | ???????????????????????? #?? ?????????????????? | | ?????????????????????? ? #????????????????????? | | ???????????????????????? ????????????????????? | | ????????????????????????#####????????????????????? | | ?????????????????????????????????????????????????? | | ?????????????????????????????????????????????????? | | ?????????????????????????????????????????????????? | | ?????????????????????????????????????????????????? | | ?????????????????????????????????????????????????? | | ?????????????????????????????????????????????????? | +----------------------------------------------------+ Best States ------------- Heat Dissipation 28 Energy Generation 14 Energy Capacity 250 Matter Stores 300 Matter Capacity 300 Sight Range 18 Robot Scan Range 14 Terrain Scan Range 14 Terrain Scan Density 85 Evasion (%) 50 Item Schematics ----------------- None Robot Schematics ------------------ None Fabricated ------------ Nothing Repaired ---------- Nothing Studied --------- None Alien Tech Used ----------------- None Achievements -------------- None Challenges ------------ None Game ------ Seed VoltaicCorruptionStorm Manual? 0 Play Time 00:10:48 Cumulative 44.5 hours Start 2025.11.05 @ 18:57:37 End 2025.11.10 @ 03:47:46 Sessions 1 Manual Loads 0 Difficulty Rogue Special Mode None Game No. 175 Rogue 175 Adventurer 0 Explorer 0 Win Type - Total 0 Types 0/0/0/0/0/0/0/0/0/0 Lore% 12 Gallery% 34 Achievement% 23 Wizard Run 0 Options --------- Layout 1 ASCII 0 Keyboard 1 Movement Vi Keybinds 0 Fullscreen 1 Font 16/SmallcapsGlow Map View 55x38 Zoom Use 0% Tactical HUD 1 Map Filters NONE Filters NONE Steam 1 RUN: ddd8d32a-3bfb-44ef-be09-b98bae9c4926